 Dungeon Crawl Stone Soup version 0.22.1-2-g9c5b331 (webtiles) character file.

52 dvd the Magician (level 3, -1/24 HPs)
             Began as a Demonspawn Wizard on Dec 20, 2018.
             Slain by Crazy Yiuf
             ... wielding a +4 quarterstaff of chaos
              (9 damage)
             ... on level 2 of the Dungeon.
             The game lasted 00:07:37 (3600 turns).

dvd the Magician (Demonspawn Wizard)                Turns: 3600, Time: 00:07:38

Health: -1/24      AC:  2    Str:  7    XL:     3   Next: 60%
Magic:  0/8        EV: 12    Int: 20    God:
Gold:   94         SH:  0    Dex: 11    Spells: 3/9 levels left

rFire    . . .     SeeInvis .   m - +0 rapier
rCold    . . .     Gourm    .   (no shield)
rNeg     . . .     Faith    .   a - +0 robe
rPois    .         Spirit   +   b - +0 hat
rElec    .         Reflect  .   (no cloak)
rCorr    .         Harm     .   (no gloves)
MR       .....                  (no boots)
Stlth    ++........             (no amulet)
HPRegen  0.08/turn              (no ring)
MPRegen  0.11/turn              (no ring)

@: no status effects
A: magic shield
a: no special abilities


You were on level 2 of the Dungeon.
You were not hungry.

You visited 1 branch of the dungeon, and saw 2 of its levels.

You collected 94 gold pieces.

Inventory:

Hand Weapons
 c - a +0 club
 e - a +0 hand axe
 m - a +0 rapier (weapon)
Armour
 a - a +0 robe (worn)
 b - a +0 hat (worn)
Scrolls
 f - 2 scrolls of remove curse {unknown}
 g - 3 scrolls of immolation {unknown}
 j - a scroll of noise {unknown}
 l - a scroll of blinking {unknown}
Potions
 h - a potion of mutation {unknown}
 k - 2 potions of resistance {unknown}
Comestibles
 d - 2 rations


   Skills:
 + Level 0.2 Fighting
 + Level 0.1 Maces & Flails
 + Level 2.2 Dodging
 + Level 2.2 Stealth
 + Level 3.6 Spellcasting
 + Level 1.5 Conjurations
 + Level 1.0 Summonings
   Level 0.8 Translocations


You had 3 spell levels left.
You knew the following spells:

 Your Spells              Type           Power        Failure   Level  Hunger
a - Magic Dart            Conj           #...         7%          1    None
b - Mephitic Cloud        Conj/Pois/Air  #.......     32%         3    ###....
c - Call Imp              Summ           #.......     13%         2    ##.....

Your spell library contained the following spells:

 Spells                   Type           Power        Failure   Level  Hunger
 Blink                    Tloc           N/A          14%         2    ##.....
 Slow                     Hex            #.......     21%         2    ##.....
 Conjure Flame            Conj/Fire      #.......     28%         3    ###....


Dungeon Overview and Level Annotations

Branches:
Dungeon (2/15)

Altars:
Okawaru

Annotations:
D:2 Crazy Yiuf, Sigmund, Terence


Innate Abilities, Weirdness & Mutations

When hurt, damage is shared between your health and your magic reserves.


Message History

You can't see any susceptible monsters within range! (Use Z to cast anyway.) Unknown command.
Casting: Call Imp (safe; 13% risk of failure)
Confirm with . or Enter, or press ? or * to list all spells.
Aiming: Magic Dart (safe; 7% risk of failure)
Press: ? - help, Shift-Dir - straight line, f - Crazy Yiuf
Aim: Crazy Yiuf, wielding a quarterstaff of chaos and wearing a glowing cloak The magic dart hits Crazy Yiuf.
Crazy Yiuf is lightly wounded.
Unknown command.
Casting: Magic Dart (safe; 7% risk of failure)
Confirm with . or Enter, or press ? or * to list all spells.
You can't see any susceptible monsters within range! (Use Z to cast anyway.) Unknown command.
Casting: Magic Dart (safe; 7% risk of failure)
Confirm with . or Enter, or press ? or * to list all spells.
A shadowy apparition takes form in the air.
Crazy Yiuf whimpers, "Fluff fast toodlewoodle!"
Crazy Yiuf hits you with a quarterstaff of chaos!
You die...

.......##.###.............#
........#.##.....##.##..........
.#.....##.#............##.###...
..........#......#........# .
###...#####.#....#..#####.#
#...# #.#.............# #...#
#.##.#.#..######### #...#
#.##.#.#..#.......#
###...#####.....@g..#.......#
....>.......##.#5##.#.......#
...............#.##..5......#
...)........####.#####....###
###...##########.# #'..+#
#...#.......##.# ♣P.P.♣
#...#.#####.##.# ♣.5.♣♣
#[..#.#####.##.# ♣♣.♣♣
###........##.##.### ♣.♣♣


You could see Crazy Yiuf and a friendly shadow imp.

Vanquished Creatures
  An adder (D:2)
  An ooze (D:1)
  A worm (D:2)
  A dart slug (D:2)
  A leopard gecko (D:2)
  7 bats
  3 giant cockroaches
  3 hobgoblins
  A ball python (D:2)
  4 frilled lizards
  5 kobolds
  5 rats
33 creatures vanquished.

Vanquished Creatures (collateral kills)
  A leopard gecko (D:2)
  A hobgoblin (D:2)
2 creatures vanquished.

Grand Total: 35 creatures vanquished

Notes
Turn   | Place    | Note
-------+----------+-------------------------------------------
     0 | D:1      | dvd the Demonspawn Wizard began the quest for the Orb.
     0 | D:1      | Reached XP level 1. HP: 13/13 MP: 4/4
   578 | D:1      | Gained mutation: When hurt, damage is shared between your
                  | health and your magic reserves. [demonic ancestry]
   578 | D:1      | Reached XP level 2. HP: 16/19 MP: 0/6
  2148 | D:2      | Reached XP level 3. HP: 10/24 MP: 0/8
  2484 | D:1      | Learned a level 3 spell: Mephitic Cloud
  2487 | D:1      | Learned a level 2 spell: Call Imp
  2795 | D:2      | Found an iron altar of Okawaru.
  3055 | D:2      | Noticed Sigmund
  3273 | D:2      | Noticed Terence
  3576 | D:2      | Found a runed door.
  3580 | D:2      | Noticed Crazy Yiuf
  3600 | D:2      | Slain by Crazy Yiuf

Skill      XL: |  1  2 |
---------------+-------+-----
Stealth        | 2 |  2.2
Dodging        | 2 |  2.2
Fighting       | |  0.2
Maces & Flails | |  0.1
Spellcasting   | |  3.6
Conjurations   | |  1.5
Summonings     | |  1.0
Translocations | |  0.8

Action                   || total
-------------------------++-------
Melee: Club              ||    79
       Rapier            ||    16
 Cast: Magic Dart        ||    68
       Call Imp          ||     5
       Mephitic Cloud    ||     3
 Stab: Sleeping          ||     1
  Eat: Chunk             ||     7
       Ration            ||     1
Armor: Robe              ||    31
Dodge: Dodged            ||   105
